 Dungeon Crawl Stone Soup version 0.30-a0-1112-gfb780f5df6 (webtiles) character file.

Game seed: 8957456367891146595

703395 OrthodoxDeviant the Petrodigitator (level 27, -4/227 HPs)
             Began as a Barachi Earth Elementalist on Apr 14, 2023.
             Was the Champion of Vehumet.
             Killed by a royal mummy's death curse (18 damage)
             ... on level 3 of the Tomb of the Ancients on Apr 20, 2023.
             The game lasted 05:45:03 (88146 turns).

OrthodoxDeviant the Petrodigitator (BaEE)          Turns: 88146, Time: 05:45:03

Health: -4/227     AC: 29    Str: 20    XL:     27
Magic:  41/53      EV: 10    Int: 45    God:    Vehumet [******]
Gold:   3764       SH:  0    Dex: 20    Spells: 17/79 levels left

rFire   + . .      SeeInvis +    L - +12 spear of Sudden Death {flame, Drain Str+3 Int+6}
rCold   + + +      Faith    .    B - +2 buckler {rN+}
rNeg    + + .      Spirit   .    R - +1 pearl dragon scales "Boarchigri" {rC++ rN+ Regen+}
rPois   +          Reflect  +    p - +2 helmet {SInv}
rElec   +          Rampage  .    S - scarf of Green Freedom {rC+ rF+, Dex+5}
rCorr   .                        m - +2 pair of gloves
Will    ++...                    f - +1 pair of boots of the Beggar {rPois}
Stlth   ++                       g - amulet "Adeetz" {Reflect Str+4 SH+5}
HPRegen 1.37/turn                z - ring of Icejot {rPois rC++ Int+6 Dex-2 Stlth+}
MPRegen 0.33/turn                k - ring "Iducekk" {Contam rElec Str+3 Int+6 Slay+3}

@: brilliant, marked, held, hasted and slowed, studying Armour, slow
A: amphibious, slowness 1, strong legs 2, +LOS, iridescent scales 1, agile 1,
robust 1, wild magic 1
}: 4/15 runes: decaying, serpentine, slimy, silver
a: Hop, Renounce Religion


You were on level 3 of the Tomb of the Ancients.
You worshipped Vehumet.
Vehumet was exalted by your worship.
You visited 13 branches of the dungeon, and saw 59 of its levels.
You visited 1 bazaar.
You also visited: Ossuary, Bailey, Gauntlet, Ice Cave and Wizlab.

You collected 9688 gold pieces.
You spent 5924 gold pieces at shops.

Inventory:

Hand Weapons
 L - the +12 spear of Sudden Death (weapon) {flame, Drain Str+3 Int+6}
   (You found it on level 1 of the Snake Pit)

   Str:       It affects your strength (+3).
   Int:       It affects your intelligence (+6).
   Drain:     It drains your maximum health when unequipped.
Missiles
 n - 7 throwing nets
 W - 4 silver javelins
Armour
 f - the +1 pair of boots of the Beggar (worn) {rPois}
   (You found it in a wizard's laboratory)

   rPois:     It protects you from poison.
 l - the crystal ball of Wucad Mu {*channel}
   (You found it on level 5 of the Vaults)

   *Channel:  It often returns the magic spent to cast spells, but lowers their
   success rate.
   It always returns the magic spent on miscasts.
 m - a +2 pair of gloves (worn)
 o - the +10 scale mail of the Ageless Princes {rPois Str+2 Int+2}
   (You found it on level 2 of the Dungeon)

   Str:       It affects your strength (+2).
   Int:       It affects your intelligence (+2).
   rPois:     It protects you from poison.
 p - a +2 helmet of see invisible (worn)
 B - a +2 buckler of positive energy (worn)
 G - the +0 scale mail of Sitoa {rF+ Int+8}
   (You found it on level 3 of the Crypt)

   Int:       It affects your intelligence (+8).
   rF:        It protects you from fire.
 N - a +2 robe of the Archmagi
 R - the +1 pearl dragon scales "Boarchigri" (worn) {rC++ rN+ Regen+}
   (You found it on level 4 of the Lair of Beasts)

   rC:        It greatly protects you from cold.
   rN:        It protects you from negative energy.
   Regen:     It increases your rate of health regeneration.
 S - the scarf of Green Freedom (worn) {rC+ rF+, Dex+5}
   (You bought it in a shop in a bazaar)

   Dex:       It affects your dexterity (+5).
 T - quicksilver dragon scales
Jewellery
 g - the amulet "Adeetz" (around neck) {Reflect Str+4 SH+5}
   (You bought it in a shop on level 2 of the Orcish Mines)

   [amulet of reflection]

   It reflects blocked missile attacks.
   Str:       It affects your strength (+4).
   SH:        It affects your SH (+5).
 h - the ring "Wudduh" {rPois Will+ SInv}
   (You acquired it on level 2 of the Realm of Zot)

   [ring of see invisible]

   rPois:     It protects you from poison.
   SInv:      It lets you see invisible.
   Will:      It increases your willpower.
 j - the ring "Mezifus" {rElec Will+ MP+9}
   (You found it on level 5 of the Pits of Slime)

   [ring of magical power]

   rElec:     It insulates you from electricity.
   MP:        It affects your magic capacity (+9).
   Will:      It increases your willpower.
 k - the ring "Iducekk" (right hand) {Contam rElec Str+3 Int+6 Slay+3}
   (You found it on level 3 of the Elven Halls)

   [ring of intelligence]

   Str:       It affects your strength (+3).
   Int:       It affects your intelligence (+6).
   Slay:      It affects your accuracy & damage with ranged weapons and melee
   (+3).
   rElec:     It insulates you from electricity.
   Contam:    It causes magical contamination when unequipped.
 z - the ring of Icejot (left hand) {rPois rC++ Int+6 Dex-2 Stlth+}
   (You bought it in a shop on level 2 of the Orcish Mines)

   [ring of intelligence]

   Int:       It affects your intelligence (+6).
   Dex:       It affects your dexterity (-2).
   rC:        It greatly protects you from cold.
   rPois:     It protects you from poison.
   Stlth:     It makes you more stealthy.
 C - the ring of Yendor {Fly rC+ Int+2}
   (You found it on level 3 of the Elven Halls)

   [ring of flight]

   Int:       It affects your intelligence (+2).
   rC:        It protects you from cold.
   Fly:       It grants you flight.
 I - the ring "Juotu" {Fire rCorr Int+3 Stlth+}
   (You found it in a wizard's laboratory)

   [ring of fire]

   It enhances your fire magic.
   Int:       It affects your intelligence (+3).
   rF:        It protects you from fire.
   rC:        It makes you vulnerable to cold.
   rCorr:     It protects you from acid and corrosion.
   Stlth:     It makes you more stealthy.
 J - a ring of positive energy
Wands
 d - a wand of roots (4)
 u - a wand of quicksilver (48)
 O - a wand of digging (11)
Scrolls
 a - 6 scrolls of summoning
 e - a scroll of silence
 i - 16 scrolls of enchant armour
 q - 9 scrolls of blinking
 r - a scroll of enchant weapon
 v - 8 scrolls of amnesia
 w - 28 scrolls of teleportation
 x - 9 scrolls of magic mapping
 F - 9 scrolls of fog
 H - 15 scrolls of fear
Potions
 b - 11 potions of magic
 c - 15 potions of haste
 s - 26 potions of curing
 t - 11 potions of cancellation
 A - 17 potions of brilliance
 D - 3 potions of resistance
 E - 14 potions of flight
 K - 20 potions of heal wounds
 M - 8 potions of invisibility
 Q - 7 potions of mutation


   Skills:
 - Level 15.0 Fighting
 - Level 15.0 Armour
 - Level 15.0 Dodging
 - Level 1.7 Stealth
 - Level 15.0 Shields
 + Level 26.8 Spellcasting
 O Level 27 Conjurations
 - Level 1.5 Necromancy
 - Level 15.2 Translocations
 - Level 2.3 Transmutations
 O Level 27 Earth Magic


You had 17 spell levels left.
You knew the following spells:

 Your Spells              Type           Power      Damage    Failure   Level
a - Sandblast             Erth           100%       2d20      1%          1
b - Stone Arrow           Conj/Erth      100%       3d13      1%          3
c - Passwall              Tmut/Erth      100%       N/A       1%          2
d - Lee's Rapid Deconstr  Erth           92%        3d40*     1%          5
e - Petrify               Tmut/Erth      100%       N/A       1%          4
f - Iskenderun's Battles  Conj           100%       2d15      1%          5
g - Iron Shot             Conj/Erth      92%        9d17      1%          6
h - Lehudib's Crystal Sp  Conj/Erth      92%        10d20     1%          8
i - Shatter               Erth           92%        3d66*     1%          9
j - Borgnjor's Vile Clut  Necr/Erth      76%        N/A       1%          5
k - Leda's Liquefaction   Hex/Erth       75%        N/A       1%          4
l - Passage of Golubria   Tloc           100%       N/A       1%          4
m - Dispersal             Tloc           78%        N/A       1%          6

Your spell library contained the following spells:

 Spells                   Type           Power      Damage    Failure   Level
 Apportation              Tloc           100%       N/A       1%          1
 Beastly Appendage        Tmut           100%       N/A       1%          1
 Magic Dart               Conj           100%       1d8       1%          1
 Necrotise                Necr           100%       1d9       1%          1
 Shock                    Conj/Air       100%       1d9       1%          1
 Slow                     Hex            100%       N/A       1%          1
 Summon Small Mammal      Summ           100%       N/A       1%          1
 Blink                    Tloc           100%       N/A       1%          2
 Call Imp                 Summ           100%       N/A       1%          2
 Cigotuvi's Dreadful Rot  Necr/Pois/Air  100%       N/A       1%          2
 Ensorcelled Hibernation  Hex/Ice        100%       N/A       1%          2
 Lesser Beckoning         Tloc           100%       N/A       1%          2
 Momentum Strike          Conj/Tloc      100%       3d10      1%          2
 Poisonous Vapours        Pois/Air       100%       N/A       1%          2
 Searing Ray              Conj           100%       2d8       1%          2
 Static Discharge         Conj/Air       100%       2-7/arc   1%          2
 Wereblood                Tmut           100%       N/A       1%          2
 Dazzling Flash           Conj/Hex       100%       N/A       1%          3
 Gell's Gravitas          Tloc           100%       N/A       1%          3
 Ignite Poison            Fire/Tmut/Pois 93%        N/A       1%          3
 Mephitic Cloud           Conj/Pois/Air  100%       N/A       1%          3
 Teleport Other           Tloc           100%       N/A       1%          3
 Volatile Blastmotes      Fire/Tloc      100%       2d18      1%          3
 Flame Wave               Conj/Fire      100%       2d21      1%          4
 Fulminant Prism          Conj/Hex       75%        3d31      1%          4
 Iskenderun's Mystic Bla  Conj/Tloc      100%       2d19      1%          4
 Manifold Assault         Tloc           100%       N/A       1%          4
 Arcjolt                  Conj/Air       75%        1d85      1%          5
 Freezing Cloud           Conj/Ice/Air   67%        6-21      1%          5
 Summon Forest            Summ/Tloc      64%        N/A       1%          5
 Conjure Ball Lightning   Conj/Air       75%        3x3d28    1%          6
 Statue Form              Tmut/Erth      100%       N/A       1%          6
 Spider Form              Tmut/Pois      95%        N/A       2%          3
 Vampiric Draining        Necr           98%        2d13      2%          3
 Airstrike                Air            43%        2d(7-23)  2%          4
 Olgreb's Toxic Radiance  Pois           87%        N/A       2%          4
 Call Canine Familiar     Summ           87%        N/A       3%          3
 Confusing Touch          Hex            87%        N/A       3%          3
 Ozocubu's Armour         Ice            87%        N/A       3%          3
 Summon Guardian Golem    Hex/Summ       87%        N/A       3%          3
 Swiftness                Air            87%        N/A       3%          3
 Tukima's Dance           Hex            87%        N/A       3%          3
 Yara's Violent Unravell  Hex/Tmut       47%        3d18      4%          5
 Animate Dead             Necr           98%        N/A       5%          4
 Dispel Undead            Necr           98%        3d31      5%          4
 Anguish                  Hex/Necr       46%        N/A       8%          4
 Cause Fear               Hex            43%        N/A       10%         4
 Summon Lightning Spire   Summ/Air       87%        N/A       10%         4
 Disjunction              Tloc           78%        N/A       12%         8
 Agony                    Necr           98%        N/A       14%         5
 Alistair's Intoxication  Tmut/Pois      63%        N/A       16%         5
 Eringya's Noxious Bog    Tmut/Pois      47%        N/A       21%         6
 Metabolic Englaciation   Hex/Ice        43%        N/A       24%         5
 Silence                  Hex/Air        43%        N/A       24%         5
 Summon Mana Viper        Hex/Summ       87%        N/A       24%         5
 Death Channel            Necr           49%        N/A       54%         6
 Fire Storm               Conj/Fire      75%        8d19      56%         9
 Simulacrum               Ice/Necr       46%        N/A       65%         6
 Summon Cactus Giant      Summ           43%        N/A       75%         6
 Ozocubu's Refrigeration  Ice            43%        4d17      80%         7
 Dragon Form              Tmut           51%        N/A       94%         7
 Enfeeble                 Hex            43%        N/A       99%         7
 Summon Hydra             Summ           43%        N/A       99%         7
 Discord                  Hex            43%        N/A       100%        8
 Ignition                 Fire           43%        3d13      100%        8
 Infestation              Necr           49%        N/A       100%        8
 Death's Door             Necr           49%        N/A       100%        9
 Dragon's Call            Summ           43%        N/A       100%        9
 Polar Vortex             Ice            43%        N/A       100%        9


Dungeon Overview and Level Annotations

Branches:
Dungeon (15/15)            Temple (1/1) D:7            Lair (5/5) D:10
  Swamp (4/4) Lair:2        Snake (4/4) Lair:3        Slime (5/5) Lair:4
    Orc (2/2) D:9             Elf (3/3) Orc:2        Vaults (5/5) D:13
  Crypt (3/3) Vaults:2       Tomb (3/3) Crypt:3      Depths (4/4) D:15
    Zot (5/5) Depths:4    Ossuary (visited)          Bailey (visited)
  IceCv (visited)          WizLab (visited)         Gauntlet (visited)

Altars:
Ashenzari
Cheibriados
Dithmenos
Elyvilon
Fedhas
Gozag
Hepliaklqana
Kikubaaqudgha
Nemelex Xobeh
Okawaru
Sif Muna
Trog
Uskayaw
Vehumet
Yredelemnul
The Shining One
Jiyva

Shops:
D:6 [   D:15 *   Orc:2 (=(?   Elf:1 (   Elf:3 (   Snake:1 *   Vaults:1 !
Vaults:5 !?!!   Depths:2 =:=!

Portals:
Hell: Depths:1 Depths:2 Depths:3 Depths:4
Abyss: Depths:1 Depths:2 Depths:3
Pandemonium: Depths:2 Depths:3
Ziggurat: Depths:4

Annotations:
Vaults:1 1 runed translucent door
Depths:3 3 runed translucent doors, Tourr's ghost, veteran HuIE; Xutext's ghost, adept DsAK
Zot:3 3 runed translucent doors, Qaniympis's ghost, veteran DgEE; Vapuhis's ghost, adept MiFi


Innate Abilities, Weirdness & Mutations

You are amphibious.
You cover ground slowly.
You can hop long distances.
You have an extended range of vision and can be seen from far away.
You are partially covered in iridescent scales. (AC +2)
You are agile. (Dex +4, Str/Int -1)
You are robust. (+10% HP)
Your spells are a little harder to cast, but a little more powerful.


Message History

Casting: Shatter (mildly dangerous; 1% risk of failure)
Confirm with . or Enter, or press ? or * to list all spells.
You feel a surge of power!
The dungeon rumbles!
The royal mummy is heavily damaged.
You destroy the ushabti!
Vehumet accepts your kill.
You feel your power returning.
The royal mummy is severely damaged.
An ushabti comes into view.
The royal mummy gestures at you while chanting.
Something smites you!
* * * LOW HITPOINT WARNING * * *
The royal mummy calls on the powers of darkness!
Your body is wracked with pain!
* * * LOW HITPOINT WARNING * * *
A mummy priest comes into view.
Unknown command.
Unknown command.
Unknown command.
Casting: Shatter (mildly dangerous; 1% risk of failure)
Confirm with . or Enter, or press ? or * to list all spells.
You feel a surge of power!
The dungeon rumbles!
You destroy the royal mummy!
Vehumet accepts your kill.
You feel your power returning.
The mummy priest is severely damaged.
You destroy the ushabti!
Vehumet accepts your kill.
You feel your power returning.
You destroy the royal mummy!
Vehumet accepts your kill.
You feel your power returning.
You feel extremely nervous for a moment...
Your body is wracked with pain!
* * * LOW HITPOINT WARNING * * *
You feel extremely nervous for a moment...
Pain shoots through your body!!
You die...

....^....M.††....
.$<...†.†...†....
^..................
...................
...................
.^..............^..
.....^.^...........
..................$
....^...@..........
...................
$..........^^.....[
$................/:
................$)?
.................$$
.................
.................
▓▓▓▓▓▓▓▓▓▓▓▓▓▓▓▓▓▓


You could see a mummy priest.

Vanquished Creatures
  the Royal Jelly (Slime:5)
  5 dread liches (Zot:5)
  5 ancient liches
  4 orbs of fire
  28 royal mummies
  Boris (twice) (Depths:4 Crypt:3)
  7 Killer Klowns
  2 curse toes
  Xtahua (Depths:4)
  Jory (Crypt:3)
  A bone dragon (Depths:4)
  12 golden dragons
  2 doom hounds (Crypt:2)
  3 Tzitzimimeh
  23 tentacled monstrosities
  5 electric golems
  A shard shrike skeleton (Crypt:3)
  An Ice Fiend (IceCv)
  The ghost of pigah the Stormcaller, an adept OpWn of Gozag (Elf:3)
  25 Orb Guardians (Zot:5)
  8 liches
  3 deep elf blademasters
  4 deep elf master archers (Elf:3)
  6 quicksilver dragons
  Grunn (Crypt:2)
  26 acid blobs
  2 walking frostbound tomes
  A walking divine tome (Depths:2)
  Frances (Snake:2)
  The ghost of Feshunla the Bewitcher, an adept KoEn of Dithmenos (Vaults:1)
  4 titans (Vaults:5)
  4 death cobs
  8 ancient champions
  A thorn hunter (Swamp:4)
  13 sphinxes
  Kirke (D:15)
  5 draconian monks
  8 tengu reavers
  8 shadow dragons
  5 revenants
  13 storm dragons
  A fenstrider witch (Swamp:3)
  24 azure jellies
  6 nagarajas
  15 rockslimes
  14 frost giants
  A draconian knight (Zot:1)
  12 fire giants
  3 draconian scorchers
  An angel (WizLab)
  Louise (Lair:3)
  8 deep elf sorcerers
  2 ghost moths (Zot:3)
  3 curse skulls (Crypt:3)
  14 vault wardens
  A draconian shifter (Depths:4)
  2 orc warlords
  5 draconian annihilators
  10 ghouls
  4 war gargoyles
  2 draconian stormcallers (Zot:1)
  26 ironbound preservers
  Aizul (Snake:4)
  5 deep elf elementalists
  10 ironbound thunderhulks
  11 quicksilver oozes
  4 reapers
  A caustic shrike skeleton (Depths:2)
  17 vampire knights
  20 stone giants
  8 green draconians
  16 very ugly things
  7 deep elf demonologists
  4 deep elf annihilators
  15 dire elephants
  11 white draconians
  5 eleionomae
  10 spark wasps
  18 purple draconians
  10 bunyips
  11 red draconians
  9 black draconians
  A minotaur (Gauntlet)
  16 yellow draconians
  4 bennus (Tomb:3)
  9 eidola
  15 mummy priests
  7 crystal guardians
  A merfolk impaler (Depths:1)
  16 jiangshi
  An ettin (shapeshifter) (Elf:1)
  5 fire dragons
  2 shambling mangroves
  14 ettins
  Josephine (D:14)
  15 deep elf death magi
  7 deep elf high priests
  17 yaktaur captains
  3 entropy weavers
  4 rakshasas
  A spriggan zombie (Crypt:2)
  10 great orbs of eyes
  33 vault guards
  An ogre mage (D:15)
  2 ghost crabs
  A spriggan air mage (Depths:4)
  6 ice dragons
  6 salamander tyrants
  17 hydras
  A merfolk avatar (Lair:5)
  Erica (D:8)
  10 centaur warriors
  12 peacekeepers
  2 death knights
  16 anacondas
  9 ironbound frosthearts
  32 dancing weapons
  5 two-headed ogres
  5 deep troll shamans
  12 alligators
  5 boulder beetles
  30 death scarabs
  6 deep troll earth magi
  16 naga warriors
  12 vampire magi
  7 death yaks
  An Orb Guardian skeleton (Crypt:2)
  9 naga sharpshooters
  7 spriggan berserkers
  3 tengu warriors
  3 orc high priests (Orc:2)
  A sun demon (Depths:4)
  18 deep elf knights
  5 shock serpents
  A soul eater (Crypt:1)
  21 hell knights
  Sonja (D:10)
  A fire crab (shapeshifter) (Vaults:5)
  7 salamander mystics
  3 skysharks
  2 bunyip zombies (Crypt:3)
  5 iron trolls
  Lodul (D:13)
  A shadow wraith (Crypt:3)
  8 goliath frogs
  A spark wasp zombie (Depths:2)
  A ghost moth zombie (Crypt:1)
  A sea snake (Lair:4)
  41 skeletal warriors
  3 anaconda zombies
  5 glowing orange brains
  A swamp dragon (shapeshifter) (D:13)
  10 naga ritualists
  6 bog bodies
  2 tengu zombies
  2 obsidian statues
  7 flayed ghosts
  6 spriggan druids
  50 deep trolls
  10 swamp dragons (Swamp:4)
  13 wizards
  9 necromancers
  17 lindwurms
  A lindwurm (shapeshifter) (Vaults:5)
  10 orc knights
  14 ironbound convokers
  2 iron giant skeletons
  35 phantasmal warriors
  A shadow dragon zombie (Crypt:3)
  7 spriggan simulacra (IceCv)
  2 harpies
  29 deep elf pyromancers
  34 deep elf zephyrmancers
  12 mana vipers
  An anaconda skeleton (Crypt:3)
  A goliath frog zombie (Crypt:2)
  A wolf spider zombie (Crypt:1)
  A sphinx zombie (Depths:1)
  7 shining eyes
  A golden dragon skeleton (Depths:1)
  53 ugly things
  A tengu skeleton (Depths:2)
  13 deep elf archers
  A fire giant zombie (Depths:1)
  4 orc sorcerers
  A broodmother zombie (Crypt:3)
  A cyclops (shapeshifter) (Vaults:5)
  A sphinx skeleton (Depths:2)
  7 will-o-the-wisps
  24 salamanders
  A manticore (D:11)
  3 cyclopes
  A jorogumo skeleton (Crypt:3)
  21 moths of wrath
  2 oklob plants
  34 black mambas
  9 guardian serpents
  2 smoke demons (Depths:4)
  Maurice (D:13)
  22 naga magi
  An ice statue (Vaults:2)
  15 vault sentinels
  Maggie (D:8)
  2 molten gargoyles (WizLab)
  6 elephants
  3 eyes of devastation
  A centaur zombie (Crypt:2)
  A dire elephant skeleton (Crypt:2)
  6 gargoyles
  5 unseen horrors
  An alligator snapping turtle zombie (Crypt:3)
  18 cane toads
  A hellion (Depths:4)
  A rime drake (shapeshifter) (Elf:3)
  12 rime drakes
  2 anaconda simulacra (IceCv)
  2 efreet
  36 yaktaurs
  41 guardian mummies
  10 freezing wraiths
  9 komodo dragons
  8 ice devils (IceCv)
  3 polar bears (Lair:5)
  A yellow draconian skeleton (Crypt:1)
  A mana viper skeleton (Crypt:2)
  3 harpy zombies (Crypt:3)
  6 trolls
  3 bloated husks
  A hydra zombie (Crypt:3)
  4 tyrant leeches
  18 hornets
  Grinder (D:4)
  A tarantella (Vaults:4)
  10 blink frogs
  A blink frog (shapeshifter) (Elf:3)
  A satyr zombie (Crypt:2)
  105 slime creatures
  A jumping spider (Vaults:1)
  11 spriggans
  A human skeleton (Vaults:3)
  Sigmund (D:4)
  4 dire elephant simulacra (IceCv)
  A spriggan (shapeshifter) (D:15)
  26 flying skulls
  2 air elementals (Elf:3)
  A vampire (D:11)
  2 culicivoras (shapeshifter)
  44 yaks
  6 water elementals
  19 wraiths
  6 wyverns
  36 ushabtiu
  4 basilisks
  A human (shapeshifter) (Elf:3)
  3 hogs (D:15)
  15 vampire mosquitoes
  An elf skeleton (Vaults:3)
  5 fire elementals
  14 steam dragons
  9 minotaur simulacra
  4 redbacks
  A golden eye (Slime:5)
  14 swamp worms
  An ogre zombie (Vaults:3)
  A harpy simulacrum (IceCv)
  39 nagas
  4 wargs
  3 acid dragons
  14 water moccasins
  A fire bat skeleton (Crypt:2)
  Duvessa (D:6)
  A water nymph skeleton (Crypt:3)
  2 black bears
  3 floating eyes
  A swamp dragon zombie (Crypt:3)
  9 swamp drakes
  24 orc warriors
  2 alligator simulacra (IceCv)
  3 centaurs
  27 wolves
  An ettin simulacrum (IceCv)
  6 boggarts
  14 ogres
  A swamp dragon skeleton (Crypt:2)
  A human zombie (Vaults:3)
  A kobold brigand (D:8)
  A yaktaur zombie (Crypt:3)
  A fire crab zombie (Crypt:2)
  7 bullfrogs
  2 gnoll sergeants
  A necrophage (Swamp:3)
  7 deep troll simulacra (IceCv)
  2 scorpions
  12 earth elementals
  A warg zombie (Crypt:1)
  4 wights (D:9)
  Dowan (D:6)
  2 lindwurm simulacra (IceCv)
  3 killer bees (D:10)
  4 electric eels
  8 howler monkeys
  A jelly (D:5)
  15 orc priests
  8 hounds
  A bullfrog skeleton (Crypt:1)
  22 orc wizards
  5 iguanas
  Natasha (thrice) (D:2)
  3 sleepcaps
  2 lightning spires (WizLab)
  3 naga zombies
  2 naga skeletons
  An ogre skeleton (Crypt:3)
  65 mummies
  3 adders
  28 gnolls
  A shadow imp (D:5)
  3 white imps
  3 ufetubi
  A worm zombie (Crypt:3)
  A worm (D:4)
  3 dart slugs
  82 orcs
  7 bats
  2 bat skeletons (Crypt:1)
  9 endoplasms
  2 giant cockroaches
  25 goblins
  20 hobgoblins
  30 kobolds
  9 ball pythons
  2 frilled lizards
  2 gnoll zombies
  A hobgoblin zombie (Ossuary)
  A kobold (shapeshifter) (Vaults:5)
  2 kobold zombies (Ossuary)
  4 orc zombies (Ossuary)
  7 rats
2809 creatures vanquished.

Vanquished Creatures (others)
  A deep elf pyromancer (Elf:1)
  An orc wizard (Orc:2)
  8 foxfires
  45 fungi
  86 plants
  10 withered plants
151 creatures vanquished.

Grand Total: 2960 creatures vanquished

Notes
Turn   | Place    | Note
-------+----------+-------------------------------------------
     0 | D:1      | OrthodoxDeviant the Barachi Earth Elementalist began the
                  | quest for the Orb.
     0 | D:1      | Reached XP level 1. HP: 13/13 MP: 3/3
   151 | D:1      | Reached XP level 2. HP: 9/19 MP: 2/5
   376 | D:1      | Reached XP level 3. HP: 24/24 MP: 5/7
   386 | D:1      | Learned a level 3 spell: Stone Arrow
   389 | D:1      | Learned a level 2 spell: Passwall
   894 | D:2      | Reached skill level 1 in Conjurations
   904 | D:2      | Identified the +10 scale mail of the Ageless Princes {rPois
                  | Str+2 Int+2}
   917 | D:2      | Reached XP level 4. HP: 30/30 MP: 6/8
   996 | D:2      | Identified the +1 quarterstaff of the Bursting Coward
                  | {holy, rPois}
  1228 | D:2      | Found a faded altar of an unknown god.
  1352 | D:2      | You fall into a shaft and drop 1 floor!
  1553 | D:2      | Noticed Natasha
  1556 | D:2      | Killed Natasha
  1557 | D:2      | Reached XP level 5. HP: 35/35 MP: 7/10
  1672 | D:2      | Noticed Natasha
  1677 | D:2      | Killed Natasha
  1869 | D:2      | Noticed Natasha
  1876 | D:2      | Killed Natasha
  2214 | D:3      | Reached XP level 6. HP: 20/41 MP: 11/11
  2479 | D:3      | Found a hide-covered altar of Uskayaw.
  2479 | D:3      | Found a hazy altar of Hepliaklqana.
  2479 | D:3      | Found a broken altar of Ashenzari.
  2493 | D:3      | Found a white marble altar of Elyvilon.
  2493 | D:3      | Found a shadowy altar of Dithmenos.
  2962 | D:4      | Noticed Sigmund
  3002 | D:4      | Found a sand-covered staircase.
  3008 | Ossuary  | Entered an ossuary
  3180 | Ossuary  | Reached skill level 5 in Earth Magic
  3656 | D:4      | Killed Sigmund
  3657 | D:4      | Reached XP level 7. HP: 46/46 MP: 4/13
  3806 | D:4      | Found an ancient bone altar of Kikubaaqudgha.
  3879 | D:4      | Found a snail-covered altar of Cheibriados.
  3936 | D:4      | Noticed Grinder
  3966 | D:4      | Paralysed by Grinder for 5 turns
  3981 | D:4      | Killed Grinder
  3982 | D:4      | Reached skill level 5 in Conjurations
  3982 | D:4      | Reached XP level 8. HP: 36/52 MP: 7/15
  4244 | D:5      | Entered Level 5 of the Dungeon
  4339 | D:5      | Reached skill level 5 in Spellcasting
  4564 | D:5      | Found an iron altar of Okawaru.
  4965 | D:6      | Identified the +3 sling "Cira" {antimagic, rF- Int+4 Dex+2}
  5197 | D:6      | Found a radiant altar of Vehumet.
  5214 | D:6      | Became a worshipper of Vehumet
  5509 | D:6      | Found Nomoygoota's Armour Boutique.
  5532 | D:6      | Found a bloodstained altar of Trog.
  5532 | D:6      | Noticed Duvessa
  5545 | D:6      | Killed Duvessa
  5546 | D:6      | Reached XP level 9. HP: 57/57 MP: 10/17
  5628 | D:6      | Reached * piety under Vehumet
  5628 | D:6      | Offered knowledge of Foxfire by Vehumet.
  5715 | D:6      | Noticed Dowan
  5717 | D:6      | Killed Dowan
  5718 | D:6      | Found a shimmering blue altar of Sif Muna.
  5722 | D:6      | Got Sif Muna's Discourse on the Grave
  6182 | D:7      | Found a glowing golden altar of the Shining One.
  6184 | D:7      | Noticed an angel
  6188 | D:7      | Found a basalt altar of Yredelemnul.
  6189 | D:7      | Noticed a profane servitor
  6341 | D:7      | Found a staircase to the Ecumenical Temple.
  7490 | D:8      | Noticed Maggie
  7494 | D:8      | Killed Maggie
  7494 | D:8      | Offered knowledge of Kiss of Death by Vehumet.
  7495 | D:8      | Reached XP level 10. HP: 63/63 MP: 9/20
  7518 | D:8      | Learned a level 5 spell: Lee's Rapid Deconstruction
  7523 | D:8      | Learned a level 4 spell: Petrify
  7531 | D:8      | Found a sparkling altar of Nemelex Xobeh.
  7612 | D:8      | Noticed Erica
  7766 | D:8      | Reached ** piety under Vehumet
  8055 | D:9      | Reached skill level 10 in Earth Magic
  8215 | D:9      | Found a flagged portal.
  8245 | Bailey   | Entered a bailey
  8293 | Bailey   | Offered knowledge of Static Discharge by Vehumet.
  8450 | Bailey   | Noticed an orc warlord
  8508 | Bailey   | Reached *** piety under Vehumet
  8630 | Bailey   | Found a runed translucent gate.
  8630 | Bailey   | Found a runed translucent gate.
  8630 | Bailey   | Found a runed translucent gate.
  8953 | Bailey   | Killed an orc warlord
  9032 | Bailey   | Identified the +8 sling "Wemeot" {flame, Stlth+}
  9049 | Bailey   | Reached XP level 11. HP: 68/68 MP: 21/21
  9443 | D:9      | Reached skill level 15 in Earth Magic
  9445 | D:9      | Offered knowledge of Flame Wave by Vehumet.
  9621 | D:8      | Killed Erica
  9705 | D:9      | Found a staircase to the Orcish Mines.
  9933 | D:10     | Entered Level 10 of the Dungeon
  9991 | D:10     | Noticed Sonja
  9994 | D:10     | Killed Sonja
  9995 | D:10     | Reached XP level 12. HP: 66/74 MP: 13/22
 10132 | D:10     | Found a blossoming altar of Fedhas.
 10169 | D:10     | Reached skill level 10 in Conjurations
 10286 | D:10     | Found an opulent altar of Gozag.
 10322 | D:10     | Noticed a two-headed ogre
 10325 | D:10     | Killed a two-headed ogre
 10468 | D:10     | Found a staircase to the Lair.
 11891 | D:11     | Found a snail-covered altar of Cheibriados.
 11892 | D:11     | Reached **** piety under Vehumet
 12509 | Orc:1    | Entered Level 1 of the Orcish Mines
 12612 | Orc:1    | Offered knowledge of Ignite Poison by Vehumet.
 12678 | Orc:1    | Noticed an ettin
 12683 | Orc:1    | Killed an ettin
 12973 | Orc:2    | Entered Level 2 of the Orcish Mines
 13500 | Orc:2    | Noticed an orc high priest
 13503 | Orc:2    | Killed an orc high priest
 13504 | Orc:2    | Reached skill level 1 in Shields
 13504 | Orc:2    | Noticed an orc high priest
 13515 | Orc:2    | Killed an orc high priest
 13641 | Orc:2    | Reached ***** piety under Vehumet
 13707 | Orc:2    | Offered knowledge of Spellforged Servitor by Vehumet.
 14100 | Lair:1   | Entered Level 1 of the Lair of Beasts
 14162 | Lair:1   | Gained mutation: You can hop long distances. [Barachi
                  | growth]
 14162 | Lair:1   | Reached XP level 13. HP: 61/79 MP: 3/25
 15474 | Lair:2   | Identified the +0 leather armour of Responsibility {rPois
                  | Str+2}
 15497 | Lair:2   | Found a radiant altar of Vehumet.
 15912 | D:11     | Reached skill level 1 in Armour
 16405 | D:12     | Offered knowledge of Iskenderun's Battlesphere by Vehumet.
 16616 | D:12     | Found a gate leading to a gauntlet.
 16632 | Gauntlet | Entered a Gauntlet
 16632 | Gauntlet | Found a transporter.
 16638 | Gauntlet | Found a transporter.
 16639 | Gauntlet | Found a transporter.
 16654 | Gauntlet | Found a transporter.
 16664 | Gauntlet | Found a transporter.
 16668 | Gauntlet | Noticed a blizzard demon
 16684 | Gauntlet | Found a transporter.
 16697 | Gauntlet | Found a transporter.
 16705 | Gauntlet | Noticed a quicksilver ooze
 16714 | Gauntlet | Found a transporter.
 16718 | Gauntlet | Found a transporter.
 16726 | Gauntlet | Found a transporter.
 16753 | Gauntlet | Found a transporter.
 16755 | Gauntlet | Found a transporter.
 17198 | Gauntlet | Identified the +4 sling "Erurch" {freeze, rElec rPois rF-}
 17198 | Gauntlet | Identified the +0 plate armour "Otenal" {*Slow Fly Regen+
                  | Dex+6}
 17198 | Gauntlet | Noticed a minotaur
 17207 | Gauntlet | Killed a minotaur
 17449 | D:12     | Reached skill level 5 in Shields
 18077 | D:12     | Learned a level 5 spell: Iskenderun's Battlesphere
 18502 | D:13     | Noticed Maurice
 18503 | D:13     | Reached XP level 14. HP: 85/85 MP: 13/27
 18511 | D:13     | Killed Maurice
 18681 | D:13     | Found a gate to the Vaults.
 18709 | D:13     | Noticed Lodul
 18713 | D:13     | Killed Lodul
 18721 | D:13     | Reached skill level 5 in Armour
 18749 | D:13     | Reached skill level 10 in Spellcasting
 19089 | D:14     | Found a basalt altar of Yredelemnul.
 19188 | D:14     | Found a frozen archway.
 19250 | IceCv    | Entered an ice cave
 19615 | IceCv    | Identified the +5 ice dragon scales of Nasucacs {Harm rF-
                  | rC++ rN+ Stlth-}
 19675 | IceCv    | Noticed an Ice Fiend
 20037 | IceCv    | Killed an Ice Fiend
 20214 | IceCv    | Got the Papyrus of the Blistering Wyrd
 20557 | D:14     | Noticed Josephine
 20570 | D:14     | Killed Josephine
 20595 | D:13     | Offered knowledge of Iron Shot by Vehumet.
 20604 | D:13     | Learned a level 6 spell: Iron Shot
 21183 | Lair:2   | Found a staircase to the Swamp.
 21551 | Lair:3   | Reached XP level 15. HP: 90/90 MP: 20/30
 22018 | Lair:3   | Reached skill level 15 in Conjurations
 22544 | Lair:3   | Found a staircase to the Snake Pit.
 22718 | Lair:3   | Identified the +0 glaive "Dulaho" {elec, Int+3}
 23066 | Lair:4   | Identified the +10 short sword of Xadivum {spect, rElec
                  | rCorr Dex+4 Stlth-}
 23130 | Lair:4   | Found a viscous altar of Jiyva.
 23131 | Lair:4   | Found a staircase to the Slime Pits.
 23847 | Lair:4   | Identified the +1 pearl dragon scales "Boarchigri" {rC++
                  | rN+ Regen+}
 24143 | Lair:5   | Entered Level 5 of the Lair of Beasts
 26036 | D:15     | Entered Level 15 of the Dungeon
 26098 | D:15     | Reached XP level 16. HP: 96/96 MP: 2/32
 26399 | D:15     | Noticed Kirke
 26488 | D:15     | Found a staircase to the Depths.
 26549 | D:15     | Identified the +0 shortbow "Ridexe" {speed, Contam Str+4}
 26676 | D:15     | Found Yliyruk's Assorted Antiques.
 27247 | Orc:1    | You fall into a shaft and drop 1 floor!
 27340 | Orc:2    | Found a staircase to the Elven Halls.
 27883 | Orc:2    | Reached ****** piety under Vehumet
 27885 | Orc:2    | Found Milaiv's Jewellery Shoppe.
 27885 | Orc:2    | Found Yviaclup's Antique Weapon Shop.
 27898 | Orc:2    | Found Werule's Magic Scroll Shoppe.
 27898 | Orc:2    | Found Ovashraf's Weapon Shop.
 27908 | Orc:2    | Bought a scroll of identify for 26 gold pieces
 27908 | Orc:2    | Bought a scroll of teleportation for 39 gold pieces
 27911 | Orc:2    | Bought a bloodstained falchion for 304 gold pieces
 27911 | Orc:2    | Identified the +1 falchion "Guene" {flame, Will+ Dex+2}
                  | (You bought it in a shop on level 2 of the Orcish Mines)
 27928 | Orc:2    | Bought the ring of Icejot {rPois rC++ Int+6 Dex-2 Stlth+}
                  | for 1012 gold pieces
 28088 | Swamp:1  | Entered Level 1 of the Swamp
 28277 | Snake:1  | Entered Level 1 of the Snake Pit
 28277 | Snake:1  | Noticed Louise
 28466 | Swamp:1  | Offered knowledge of Yara's Violent Unravelling by Vehumet.
 30150 | Swamp:3  | Noticed a fenstrider witch
 30359 | Swamp:3  | Killed a fenstrider witch
 30363 | Swamp:3  | Reached skill level 5 in Dodging
 30452 | Swamp:3  | Reached XP level 17. HP: 97/101 MP: 29/33
 30928 | Swamp:4  | Entered Level 4 of the Swamp
 30984 | Swamp:4  | Offered knowledge of Fireball by Vehumet.
 31168 | Swamp:4  | Reached skill level 1 in Fighting
 32575 | Swamp:4  | Got a decaying rune of Zot
 33583 | Lair:3   | Killed Louise
 33584 | Lair:3   | Reached skill level 5 in Fighting
 33946 | Snake:1  | Identified the +12 spear of Sudden Death {flame, Drain
                  | Str+3 Int+6}
 34184 | Snake:1  | Identified the +5 war axe of the Radish {freeze, Int+2
                  | Dex+4}
 34523 | Snake:1  | Found Toosk's Gadget Gallery.
 34823 | Snake:2  | Upgraded the game from 0.30-a0-1075-gcd70e7a56d to
                  | 0.30-a0-1082-g70414cbcbb
 34857 | Snake:2  | Offered knowledge of Plasma Beam by Vehumet.
 34861 | Snake:2  | Reached XP level 18. HP: 121/121 MP: 18/36
 35877 | Snake:2  | Noticed Frances
 35883 | Snake:2  | Killed Frances
 37386 | Snake:3  | Reached skill level 15 in Spellcasting
 37986 | Snake:4  | Entered Level 4 of the Snake Pit
 38146 | Snake:4  | Noticed Aizul
 38163 | Snake:4  | Killed Aizul
 38262 | Snake:4  | Identified the +0 leather armour of Foghuil {rElec}
 38290 | Snake:4  | Offered knowledge of Maxwell's Capacitive Coupling by
                  | Vehumet.
 38821 | Snake:4  | Reached XP level 19. HP: 126/126 MP: 24/38
 39877 | Snake:4  | Got a serpentine rune of Zot
 40113 | Vaults:1 | Entered Level 1 of the Vaults
 40639 | D:15     | Killed Kirke
 40977 | Orc:2    | Bought a scroll of teleportation for 39 gold pieces
 41054 | Elf:1    | Entered Level 1 of the Elven Halls
 41087 | Elf:1    | Found a radiant altar of Vehumet.
 41264 | Elf:1    | Offered knowledge of Lehudib's Crystal Spear by Vehumet.
 41264 | Elf:1    | Offered knowledge of Shatter by Vehumet.
 41264 | Elf:1    | Offered knowledge of Ignition by Vehumet.
 41288 | Elf:1    | Learned a level 8 spell: Lehudib's Crystal Spear
 41298 | Elf:1    | Learned a level 9 spell: Shatter
 41590 | Elf:1    | Identified the +1 leather armour "Eschoicia" {Will+ Dex+3
                  | Slay+3 Stlth+}
 41863 | Elf:1    | Found Rodofiq's Antique Weapon Shoppe.
 42288 | Elf:1    | Found a radiant altar of Vehumet.
 44012 | Elf:2    | Found a runed translucent gate.
 44012 | Elf:2    | Found a runed translucent gate.
 44015 | Elf:2    | Found a runed translucent gate.
 44040 | Elf:2    | Reached XP level 20. HP: 133/133 MP: 25/40
 44928 | Elf:3    | Entered Level 3 of the Elven Halls
 45600 | Elf:3    | Found a runed translucent door.
 45602 | Elf:3    | Noticed pigah's ghost (adept OpWn)
 45734 | Elf:3    | Paralysed by an air elemental for 1 turns
 45782 | Elf:3    | Found Jiqathre's Weapon Shoppe.
 46282 | Elf:3    | Identified the amulet "Veobb" {Spirit rPois}
 46499 | Elf:3    | Identified the +3 dire flail of Subjectivity {heavy, rElec
                  | rF- rC++ SInv}
 46510 | Elf:3    | Identified the +7 scimitar "Omnameqe" {heavy, rC++ Str+6
                  | Int-4}
 46520 | Elf:3    | Got Advanced Hermeneutics
 46528 | Elf:3    | Identified the +7 plate armour of the World {Will+ Str+4
                  | Int-4 Dex+2}
 46534 | Elf:3    | Identified the +8 whip of Ucagir {freeze, rF+ rN+ Will+
                  | rCorr}
 46543 | Elf:3    | Identified the +2 robe of a volcano {Str+5} (You took it
                  | off a deep elf death mage on level 3 of the Elven Halls)
 46566 | Elf:3    | Identified the +3 arbalest of Destruction {penet, Will+
                  | Int-4 Dex+5 Stlth+}
 46581 | Elf:3    | Identified the ring of Yendor {Fly rC+ Int+2}
 46585 | Elf:3    | Identified the +4 demon trident of the Open Hand {vamp,
                  | *Slow rPois rF- Str+8}
 46588 | Elf:3    | Identified the +0 chain mail "Sieq" {-Tele Str+4 Int+6}
 46596 | Elf:3    | Identified the ring "Iducekk" {Contam rElec Str+3 Int+6
                  | Slay+3}
 47321 | Vaults:1 | Found Catelejus's Distillery.
 47328 | Vaults:1 | Bought 2 potions of heal wounds for 190 gold pieces
 47328 | Vaults:1 | Bought a potion of heal wounds for 95 gold pieces
 47345 | Vaults:1 | Reached XP level 21. HP: 138/138 MP: 36/41
 47364 | Vaults:1 | Found a runed translucent gate.
 47364 | Vaults:1 | Found a runed translucent gate.
 47364 | Vaults:1 | Found a runed translucent gate.
 47365 | Vaults:1 | Noticed Feshunla's ghost (adept KoEn)
 47685 | Vaults:1 | Reached skill level 27 in Earth Magic
 47698 | Vaults:1 | Killed Feshunla's ghost
 48814 | Vaults:2 | Found a staircase to the Crypt.
 49488 | Vaults:2 | Found a gateway to a bazaar.
 49603 | Vaults:2 | Reached XP level 22. HP: 154/154 MP: 37/42
 49749 | Bazaar   | Entered a bazaar
 49753 | Bazaar   | Found Acecal's Antique Armour Boutique.
 49759 | Bazaar   | Bought a bloodstained robe for 131 gold pieces
 49759 | Bazaar   | Identified the +1 robe "Zemuaj" {Int+2} (You bought it in a
                  | shop in a bazaar)
 49759 | Bazaar   | Bought a crude scarf for 230 gold pieces
 49759 | Bazaar   | Identified the scarf of Green Freedom {rC+ rF+, Dex+5} (You
                  | bought it in a shop in a bazaar)
 49776 | Bazaar   | Found Ara Fey's Antique Armour Emporium.
 49781 | Bazaar   | Bought an embroidered cloak for 255 gold pieces
 49862 | Bazaar   | Found Nuluorr's Book Boutique.
 49867 | Bazaar   | Bought a book of Unlife for 540 gold pieces
 49873 | Bazaar   | Learned a level 5 spell: Borgnjor's Vile Clutch
 49888 | Bazaar   | Found Avept's Assorted Antiques.
 49894 | Bazaar   | Bought a potion of brilliance for 80 gold pieces
 49894 | Bazaar   | Bought a scroll of teleportation for 60 gold pieces
 49894 | Bazaar   | Bought a scroll of magic mapping for 150 gold pieces
 50887 | Orc:2    | Bought the amulet "Adeetz" {Reflect Str+4 SH+5} for 726
                  | gold pieces
 52072 | Vaults:3 | Found a magical portal.
 52079 | WizLab   | Entered Maxwell's Workshop
 52746 | WizLab   | Reached skill level 10 in Fighting
 52746 | WizLab   | Reached skill level 10 in Armour
 53040 | WizLab   | Found the +15 Maxwell's patent armour {-Cast -Tele rElec
                  | Will+ rCorr}
 53043 | WizLab   | Identified the ring of Xupsux {Fire rElec Dex+4}
 53045 | WizLab   | Identified the ring "Juotu" {Fire rCorr Int+3 Stlth+}
 53224 | WizLab   | Identified the +8 glaive of the Spider Nest {elec, rC+
                  | Int+3 Stlth+}
 53258 | WizLab   | Identified the +0 leather armour of the Unbearable Griffon
                  | {Regen+ Dex+4}
 53260 | WizLab   | Identified the +1 pair of boots of the Beggar {rPois}
 53858 | Vaults:3 | Paralysed by a great orb of eyes for 2 turns
 53861 | Vaults:3 | Reached skill level 10 in Shields
 54277 | Vaults:3 | Identified the staff of fire "Ceif" {rF+ Will+ Dex+4}
 54309 | Vaults:3 | Identified the +2 morningstar of Integrity {protect, *Rage
                  | rN++ Str+4}
 55821 | Vaults:4 | Reached XP level 23. HP: 165/165 MP: 43/43
 56877 | Vaults:4 | Identified the +1 ring mail of Gaokk {rF+ Int+3}
 57161 | Vaults:5 | Entered Level 5 of the Vaults
 57161 | Vaults:5 | Noticed a golden dragon
 57164 | Vaults:5 | Killed a golden dragon
 57164 | Vaults:5 | Noticed a golden dragon
 57168 | Vaults:5 | Killed a golden dragon
 57179 | Vaults:5 | Identified the +1 leather armour "Zemusoil" {rElec Will+
                  | Str-4 SInv}
 57440 | Vaults:5 | Reached XP level 24. HP: 166/172 MP: 25/44
 57691 | Vaults:5 | Identified the +5 war axe of the Lesser Evil {venom, SInv}
 58175 | Vaults:5 | Found Funiheocab's Distillery.
 58180 | Vaults:5 | Bought a potion of haste for 210 gold pieces
 58195 | Vaults:5 | Found Vociwnu's Distillery.
 58200 | Vaults:5 | Bought 2 potions of brilliance for 184 gold pieces
 58424 | Vaults:5 | Got a silver rune of Zot
 58586 | Vaults:5 | Found Weqosate's Distillery.
 58591 | Vaults:5 | Bought a potion of heal wounds for 85 gold pieces
 58591 | Vaults:5 | Bought a potion of magic for 136 gold pieces
 58598 | Vaults:5 | Found Geso's Magic Scroll Emporium.
 58603 | Vaults:5 | Bought a scroll of blinking for 142 gold pieces
 58603 | Vaults:5 | Bought a scroll of teleportation for 57 gold pieces
 58747 | Vaults:5 | Found the crystal ball of Wucad Mu {*channel}
 58780 | Vaults:5 | Identified the amulet "Husapa Paupn" {RegenMP *Slow rElec
                  | rPois}
 58880 | Vaults:5 | Learned a level 4 spell: Leda's Liquefaction
 59170 | Depths:1 | Entered Level 1 of the Depths
 59174 | Depths:1 | Identified the +1 scimitar of Inimn {freeze, Fragile rCorr
                  | Int+8}
 59480 | Depths:1 | Found a gateway to Hell.
 59745 | Depths:1 | Found a radiant altar of Vehumet.
 59880 | Depths:1 | Found a one-way gate to the infinite horrors of the Abyss.
 60778 | Depths:2 | Identified the staff of air "Wofaen" {Fly rElec rC++ rN+
                  | Str+3}
 60884 | Depths:2 | Found Cifroog's Distillery.
 60929 | Depths:2 | Bought a potion of heal wounds for 75 gold pieces
 61151 | Depths:2 | Identified the +0 chain mail of the Will of the Gods {rN+
                  | Dex+4}
 61310 | Depths:2 | Found Lieck's Jewellery Boutique.
 61325 | Depths:2 | Found Huuduseu's Book Emporium.
 61326 | Depths:2 | Found Xaol Sotz's Jewellery Boutique.
 61351 | Depths:2 | Found a one-way gate leading to the halls of Pandemonium.
 61814 | Depths:3 | Reached XP level 25. HP: 177/177 MP: 31/46
 61994 | Depths:3 | Identified the +2 dagger "Atacvauh" {pain, rC+ Str+6}
 62804 | Depths:3 | Found a runed translucent gate.
 62804 | Depths:3 | Found a runed translucent gate.
 62806 | Depths:3 | Noticed Tourr's ghost (veteran HuIE)
 62807 | Depths:3 | Found a runed translucent gate.
 62807 | Depths:3 | Noticed Xutext's ghost (adept DsAK)
 63403 | Depths:4 | Entered Level 4 of the Depths
 63450 | Depths:4 | Found a one-way gateway to a ziggurat.
 63502 | Depths:4 | Noticed Boris
 63507 | Depths:4 | Killed Boris
 63627 | Depths:4 | Found a gate to the Realm of Zot.
 63915 | Depths:4 | Noticed Xtahua
 63917 | Depths:4 | Killed Xtahua
 65229 | Elf:3    | Killed pigah's ghost
 65660 | Crypt:1  | Entered Level 1 of the Crypt
 65993 | Zot:1    | Entered Level 1 of the Realm of Zot
 66093 | Zot:1    | Identified the +7 glaive of Boiphe {flame, Drain rPois
                  | Int+4 Dex+3}
 66195 | Zot:1    | You fall into a shaft and drop 1 floor!
 66196 | Zot:2    | Identified a scroll of acquirement
 66206 | Zot:2    | Acquired the ring "Wudduh" {rPois Will+ SInv}
 66397 | Zot:2    | Noticed a Killer Klown
 66407 | Zot:2    | Killed a Killer Klown
 66867 | Zot:2    | Noticed a Killer Klown
 67157 | Zot:1    | Reached XP level 26. HP: 164/184 MP: 36/50
 67468 | Zot:1    | Identified the +7 trident of Exoneration {venom, Int+4
                  | Dex+3 Stlth+}
 67882 | Zot:2    | Killed a Killer Klown
 68831 | Zot:3    | Found a runed translucent gate.
 68831 | Zot:3    | Found a runed translucent gate.
 68831 | Zot:3    | Found a runed translucent gate.
 68832 | Zot:3    | Noticed Vapuhis's ghost (adept MiFi)
 68833 | Zot:3    | Noticed Qaniympis's ghost (veteran DgEE)
 69187 | Zot:3    | Reached skill level 1 in Necromancy
 69334 | Zot:3    | Learned a level 4 spell: Passage of Golubria
 69341 | Zot:3    | Learned a level 6 spell: Dispersal
 69549 | Zot:3    | Reached skill level 1 in Translocations
 70086 | Zot:4    | Noticed a Killer Klown
 70088 | Zot:4    | Killed a Killer Klown
 70998 | Zot:5    | Entered Level 5 of the Realm of Zot
 71589 | Zot:5    | Noticed an orb of fire
 71595 | Zot:5    | Gained mutation: You are dopey. (Int -2) [an orb of fire]
 71598 | Zot:5    | Killed an orb of fire
 71600 | Zot:5    | Noticed an orb of fire
 71602 | Zot:5    | Noticed a Killer Klown
 71605 | Zot:5    | Noticed an orb of fire
 71732 | Zot:4    | Lost mutation: You are dopey. (Int -2) [potion of mutation]
 71732 | Zot:4    | Gained mutation: You occasionally lose the ability to drink
                  | potions when taking damage. [potion of mutation]
 71732 | Zot:4    | Gained mutation: You occasionally lose the ability to read
                  | scrolls when taking damage. [potion of mutation]
 71732 | Zot:4    | Gained mutation: You are somewhat resistant to further
                  | mutation. [potion of mutation]
 71733 | Zot:4    | Lost mutation: You are somewhat resistant to further
                  | mutation. [potion of mutation]
 71733 | Zot:4    | Lost mutation: You occasionally lose the ability to read
                  | scrolls when taking damage. [potion of mutation]
 71733 | Zot:4    | Lost mutation: You occasionally lose the ability to drink
                  | potions when taking damage. [potion of mutation]
 71733 | Zot:4    | Gained mutation: Your magical capacity is low. (-10% MP)
                  | [potion of mutation]
 71733 | Zot:4    | Gained mutation: Your magical capacity is very low. (-20%
                  | MP) [potion of mutation]
 71733 | Zot:4    | Gained mutation: Your spells are a little harder to cast,
                  | but a little more powerful. [potion of mutation]
 71734 | Zot:4    | Lost mutation: Your magical capacity is very low. (-20% MP)
                  | [potion of mutation]
 71734 | Zot:4    | Lost mutation: Your magical capacity is low. (-10% MP)
                  | [potion of mutation]
 71734 | Zot:4    | Lost mutation: Your spells are a little harder to cast, but
                  | a little more powerful. [potion of mutation]
 71734 | Zot:4    | Gained mutation: Your system is resistant to poisons.
                  | (rPois) [potion of mutation]
 71734 | Zot:4    | Gained mutation: You passively dampen the noise of your
                  | surroundings. [potion of mutation]
 71770 | Zot:5    | Noticed a Killer Klown
 71772 | Zot:5    | Noticed an ancient lich
 71774 | Zot:5    | Killed a Killer Klown
 71774 | Zot:5    | Killed an ancient lich
 71774 | Zot:5    | Gained mutation: Your body sometimes deteriorates upon
                  | taking damage. [an orb of fire]
 71775 | Zot:5    | Reached skill level 15 in Armour
 71775 | Zot:5    | Reached skill level 5 in Translocations
 71777 | Zot:5    | Gained mutation: You occasionally shout uncontrollably at
                  | your foes. [an orb of fire]
 71961 | Zot:5    | Noticed an ancient lich
 71967 | Zot:4    | Killed an ancient lich
 72051 | Zot:4    | Reached skill level 15 in Shields
 72137 | Zot:5    | Noticed a dread lich
 72138 | Zot:5    | Noticed a dread lich
 72139 | Zot:5    | Killed a dread lich
 72140 | Zot:5    | Reached XP level 27. HP: 192/196 MP: 51/51
 72140 | Zot:5    | Killed a dread lich
 72142 | Zot:5    | Noticed an ancient lich
 72148 | Zot:5    | Noticed an ancient lich
 72405 | Zot:5    | Noticed a dread lich
 72406 | Zot:5    | Killed a dread lich
 72408 | Zot:5    | Killed an orb of fire
 72420 | Zot:5    | Noticed an orb of fire
 72421 | Zot:5    | Gained mutation: Armour fits poorly on your strangely
                  | shaped body. [an orb of fire]
 72494 | Zot:5    | Noticed an ancient lich
 72540 | Zot:5    | Killed an ancient lich
 72541 | Zot:5    | Killed an ancient lich
 72545 | Zot:5    | Lost mutation: You occasionally shout uncontrollably at
                  | your foes. [an orb of fire]
 72723 | Zot:5    | Gained mutation: You are clumsy. (Dex -2) [an orb of fire]
 73249 | Zot:5    | Gained mutation: You sometimes lose your temper in combat.
                  | [an orb of fire]
 73250 | Zot:5    | Gained mutation: You occasionally lose the ability to read
                  | scrolls when taking damage. [an orb of fire]
 73251 | Zot:5    | Killed an ancient lich
 73256 | Zot:4    | Gained mutation: Your body often deteriorates upon taking
                  | damage. [an orb of fire]
 73257 | Zot:4    | Gained mutation: You are dopey. (Int -2) [an orb of fire]
 73258 | Zot:4    | Killed an orb of fire
 73377 | Zot:5    | Killed an orb of fire
 73764 | Zot:4    | Lost mutation: Your system is resistant to poisons. (rPois)
                  | [potion of mutation]
 73764 | Zot:4    | Lost mutation: You are clumsy. (Dex -2) [potion of
                  | mutation]
 73764 | Zot:4    | Gained mutation: You occasionally lose the ability to drink
                  | potions when taking damage. [potion of mutation]
 73764 | Zot:4    | Gained mutation: You have an uncontrollable temper. [potion
                  | of mutation]
 73764 | Zot:4    | Lost mutation: You have an uncontrollable temper. [potion
                  | of mutation]
 73765 | Zot:4    | Lost mutation: You sometimes lose your temper in combat.
                  | [potion of mutation]
 73765 | Zot:4    | Lost mutation: You passively dampen the noise of your
                  | surroundings. [potion of mutation]
 73765 | Zot:4    | Lost mutation: Your body often deteriorates upon taking
                  | damage. [potion of mutation]
 73765 | Zot:4    | Gained mutation: You are somewhat resistant to further
                  | mutation. [potion of mutation]
 73766 | Zot:4    | Lost mutation: Your body sometimes deteriorates upon taking
                  | damage. [potion of mutation]
 73766 | Zot:4    | Lost mutation: You are somewhat resistant to further
                  | mutation. [potion of mutation]
 73766 | Zot:4    | Lost mutation: You occasionally lose the ability to drink
                  | potions when taking damage. [potion of mutation]
 73766 | Zot:4    | Gained mutation: You possess an exceptional clarity of
                  | mind. [potion of mutation]
 73767 | Zot:4    | Lost mutation: You possess an exceptional clarity of mind.
                  | [potion of mutation]
 73767 | Zot:4    | Lost mutation: Armour fits poorly on your strangely shaped
                  | body. [potion of mutation]
 73767 | Zot:4    | Gained mutation: You sometimes lose the ability to read
                  | scrolls when taking damage. [potion of mutation]
 73768 | Zot:4    | Lost mutation: You sometimes lose the ability to read
                  | scrolls when taking damage. [potion of mutation]
 73768 | Zot:4    | Lost mutation: You are dopey. (Int -2) [potion of mutation]
 73768 | Zot:4    | Lost mutation: You occasionally lose the ability to read
                  | scrolls when taking damage. [potion of mutation]
 73768 | Zot:4    | Gained mutation: You are vulnerable to heat. (rF-) [potion
                  | of mutation]
 73768 | Zot:4    | Gained mutation: You have a pair of small horns on your
                  | head. [potion of mutation]
 73769 | Zot:4    | Lost mutation: You are vulnerable to heat. (rF-) [potion of
                  | mutation]
 73769 | Zot:4    | Lost mutation: You have a pair of small horns on your head.
                  | [potion of mutation]
 73769 | Zot:4    | Gained mutation: You have hidden genetic defects. [potion
                  | of mutation]
 73770 | Zot:4    | Lost mutation: You have hidden genetic defects. [potion of
                  | mutation]
 73770 | Zot:4    | Gained mutation: You are agile. (Dex +4, Str/Int -1)
                  | [potion of mutation]
 73770 | Zot:4    | Gained mutation: You are robust. (+10% HP) [potion of
                  | mutation]
 74003 | Depths:2 | Bought a potion of mutation for 120 gold pieces
 74003 | Depths:2 | Bought a potion of mutation for 120 gold pieces
 74344 | Vaults:5 | Bought a potion of mutation for 136 gold pieces
 74358 | Vaults:5 | Bought a potion of mutation for 184 gold pieces
 74358 | Vaults:5 | Bought a potion of mutation for 184 gold pieces
 74358 | Vaults:5 | Bought a potion of brilliance for 92 gold pieces
 74358 | Vaults:5 | Bought a potion of brilliance for 92 gold pieces
 74358 | Vaults:5 | Bought a potion of haste for 230 gold pieces
 75122 | Zot:5    | Noticed a dread lich
 75126 | Zot:5    | Killed a dread lich
 75278 | Zot:5    | Reached skill level 10 in Dodging
 75324 | Zot:5    | Noticed a dread lich
 75326 | Zot:5    | Killed a dread lich
 75989 | Zot:5    | Upgraded the game from 0.30-a0-1082-g70414cbcbb to
                  | 0.30-a0-1112-gfb780f5df6
 76456 | Crypt:1  | Reached skill level 10 in Translocations
 76795 | Crypt:1  | Identified the ring "Qacvahep" {Wiz rC+ Dex+4}
 77056 | Crypt:1  | Reached skill level 15 in Fighting
 77557 | Crypt:2  | Noticed Grunn
 77560 | Crypt:2  | Killed Grunn
 78751 | Crypt:3  | Entered Level 3 of the Crypt
 79246 | Crypt:3  | Noticed Boris
 79325 | Crypt:3  | Killed Boris
 79326 | Crypt:3  | Noticed Jory
 79329 | Crypt:3  | Killed Jory
 79331 | Crypt:3  | Reached skill level 15 in Dodging
 79538 | Crypt:3  | Got the Volume of Exhumation
 79546 | Crypt:3  | Found a basalt altar of Yredelemnul.
 79800 | Crypt:3  | Identified the +4 leather armour of Piovoz {Dex+8}
 80238 | Crypt:3  | Identified the +0 scale mail of Sitoa {rF+ Int+8}
 80480 | Crypt:3  | Found a staircase to the Tomb.
 80882 | Slime:1  | Entered Level 1 of the Pits of Slime
 81493 | Slime:3  | Gained mutation: Your spells are a little harder to cast,
                  | but a little more powerful. [a shining eye]
 81498 | Slime:3  | Reached skill level 15 in Translocations
 81506 | Slime:3  | Gained mutation: You are partially covered in iridescent
                  | scales. (AC +2) [a shining eye]
 82396 | Slime:5  | Entered Level 5 of the Pits of Slime
 83119 | Slime:5  | Noticed the Royal Jelly
 83672 | Slime:5  | Killed the Royal Jelly
 84109 | Slime:5  | Found the +6 lightning scales {swift, rElec}
 84127 | Slime:5  | Identified the +4 flail of Wisdom {heavy, *Corrode Dex+6}
 84146 | Slime:5  | Identified the +0 ring mail of Valiance {rElec rF+ Will+
                  | SInv}
 84167 | Slime:5  | Identified the +3 lajatang of Fate {heavy, rC+ Int+3}
 84179 | Slime:5  | Got a slimy rune of Zot
 84181 | Slime:5  | Got the Meditations on Breath and Assaults
 84215 | Slime:5  | Identified the ring "Mezifus" {rElec Will+ MP+9}
 84233 | Slime:5  | Identified the +5 chain mail of the Arcane {+Blink}
 84464 | Temple   | Entered the Ecumenical Temple
 84873 | Tomb:1   | Entered Level 1 of the Tomb of the Ancients
 84885 | Tomb:1   | Noticed a royal mummy
 84887 | Tomb:1   | Noticed a royal mummy
 84888 | Tomb:1   | Noticed a royal mummy
 84889 | Tomb:1   | Killed a royal mummy
 84889 | Tomb:1   | Killed a royal mummy
 84889 | Tomb:1   | Killed a royal mummy
 84889 | Tomb:1   | Noticed a royal mummy
 84889 | Tomb:1   | Noticed a royal mummy
 84890 | Tomb:1   | Noticed a royal mummy
 84891 | Tomb:1   | Killed a royal mummy
 84891 | Tomb:1   | Killed a royal mummy
 84891 | Tomb:1   | Noticed a royal mummy
 85245 | Tomb:1   | Killed a royal mummy
 85247 | Tomb:1   | Killed a royal mummy
 85248 | Tomb:1   | Noticed a royal mummy
 85286 | Tomb:1   | Killed a royal mummy
 85290 | Tomb:1   | Noticed a royal mummy
 85294 | Tomb:1   | Killed a royal mummy
 85419 | Tomb:1   | Noticed a royal mummy
 85539 | Tomb:1   | Killed a royal mummy
 85756 | Tomb:1   | Noticed a royal mummy
 85762 | Tomb:1   | Killed a royal mummy
 85950 | Tomb:1   | Noticed a royal mummy
 85953 | Tomb:1   | Noticed a royal mummy
 85954 | Tomb:1   | Killed a royal mummy
 85955 | Tomb:1   | Killed a royal mummy
 85957 | Tomb:1   | Noticed a royal mummy
 85961 | Tomb:1   | Killed a royal mummy
 86037 | Tomb:1   | Paralysed by a sphinx for 5 turns
 86414 | Tomb:1   | Noticed a royal mummy
 86418 | Tomb:1   | Killed a royal mummy
 86580 | Tomb:1   | Noticed a royal mummy
 86585 | Tomb:1   | Killed a royal mummy
 86598 | Tomb:1   | Noticed a royal mummy
 86600 | Tomb:1   | Killed a royal mummy
 86602 | Tomb:1   | Noticed a royal mummy
 86606 | Tomb:1   | Killed a royal mummy
 86606 | Tomb:1   | Noticed a royal mummy
 86609 | Tomb:1   | Killed a royal mummy
 87438 | Tomb:2   | Noticed a royal mummy
 87439 | Tomb:2   | Killed a royal mummy
 87440 | Tomb:2   | Noticed a royal mummy
 87443 | Tomb:2   | Killed a royal mummy
 87447 | Tomb:2   | Noticed a royal mummy
 87449 | Tomb:2   | Noticed a royal mummy
 87450 | Tomb:2   | Killed a royal mummy
 87451 | Tomb:2   | Killed a royal mummy
 88111 | Tomb:3   | Entered Level 3 of the Tomb of the Ancients
 88138 | Tomb:3   | Noticed a royal mummy
 88141 | Tomb:3   | Killed a royal mummy
 88141 | Tomb:3   | Noticed a royal mummy
 88142 | Tomb:3   | Reached skill level 27 in Conjurations
 88142 | Tomb:3   | Noticed a royal mummy
 88144 | Tomb:3   | Killed a royal mummy
 88144 | Tomb:3   | Killed a royal mummy
 88144 | Tomb:3   | Noticed a royal mummy
 88144 | Tomb:3   | Noticed a royal mummy
 88146 | Tomb:3   | Killed a royal mummy
 88146 | Tomb:3   | Killed a royal mummy
 88146 | Tomb:3   | Killed by a royal mummy's death curse

Illustrated notes

Levels and vault maps discovered:
D:1:      psy_arrival_conway, layout_rooms
D:2:      layout_loops_ring, dilly_ecumenical_altar_fadedgnrine, uniq_natasha
D:3:      layout_loops_corners, minmay_overflow_temple_star_hex
D:4:      layout_rooms, overflow_temple_1_default,
          mainiacjoe_overflow_cross_hatched, enter_ossuary_2,
          kennysheep_generic_room_15, uniq_sigmund, uniq_grinder
D:5:      layout_cave_pools, kennysheep_okawaru_gauntlet
D:6:      corexii_shantytown, layout_cave_pools,
          nzn_overflow_gifts_of_might_and_magic, vehumet_crystals,
          nicolae_inconvenience_store
D:7:      layout_cave_pods, grunt_temple_overflow_holy_war,
          minmay_temple_entry_statues_fountains
D:8:      layout_gridville, mainiacjoe_overflow_tiny_flanked, uniq_erica,
          uniq_maggie
D:9:      layout_irregular_city, erik_orc_4, enter_bailey_4, hex_tiny
D:10:     layout_grid_maze, lemuel_tele_altar,
          nicolae_gozag_cash_rules_everything_around_me, erik_lair_island,
          serial_glass, glass_columns_c, glass_columns_b, uniq_sonja
D:11:     layout_basic, serial_glass, glass_columns_b, glass_columns_a,
          kennysheep_slug_shrine
D:12:     layout_cave_pools, gauntlet_entry_generic, chequers_jeans
D:13:     layout_big_octagon, erik_vaults_1, uniq_lodul, uniq_maurice
D:14:     layout_roguey, portal_ice_cave_entry_frozen_things,
          yredelemnul_altar_generic, uniq_josephine
D:15:     grunt_enter_depths_hoard, layout_basic, minmay_misc_feat_encased,
          serial_shops, nicolae_shop_stone, fungi_pond_lemuel, uniq_kirke
Temple:   hellmonk_temple_flake
Lair:1:   layout_chaotic_city, infiniplex_staircase_pool_2,
          serial_bayou_shore_b, grunt_megastairs_4
Lair:2:   layout_misc_corridors, swamp_mist, basic_altar, grunt_megastairs_5,
          lemuel_fruit_tree
Lair:3:   layout_loops_ring, minmay_snake_entry_spellcaster,
          chequers_serial_rivers_small_b, bobbens_dragon_lair_wall,
          serial_bayou_shore_b
Lair:4:   layout_small_grid, slime_entry_1, st_stairs_9
Lair:5:   gammafunk_lair_ancient_temple, layout_regular_city,
          nicolae_lair_lindhole
Swamp:1:  layout_basic_swamp, evilmike_swamp_ruin_rubble_2
Swamp:2:  layout_basic_swamp, hangedman_swamp_ruin_wall
Swamp:3:  layout_basic_swamp, serial_swamp_ruin, evilmike_swamp_ruin_house_4,
          evilmike_swamp_ruin_rubble_1
Swamp:4:  swamp_alternative, layout_basic_swamp, swamp_pool4,
          nzn_swamp_dancing_lights, infiniplex_staircase_pool
Snake:1:  layout_rooms, nicolae_shop_gadgets, uniq_louise
Snake:2:  layout_concentric_octagons, nrook_guardian_serpent_ordinary,
          uniq_frances
Snake:3:  layout_honeycomb
Snake:4:  grunt_snake_rune_serpentine_throne, layout_chambers, st_stairs_5,
          uniq_aizul
Slime:1:  layout_caves
Slime:2:  layout_caves
Slime:3:  cheibrodos_slime_lost_civilization_3, layout_caves
Slime:4:  layout_caves
Slime:5
Orc:1:    layout_diamond_mine, minmay_orc_keep
Orc:2:    grunt_orc_tribal_feast, layout_caves
Elf:1:    eino_elf_arrival_altar, layout_geoelf_octagon, serial_shops,
          nicolae_shop_hallway_stairs, hangedman_elf_disciples,
          lemuel_upstairs_altar
Elf:2:    elven_hall_of_blades_hangedman_original [grunt_blade_entry_basic],
          layout_onion_city
Elf:3:    minmay_elf_hall_circle, layout_geoelf_castle,
          ebering_ghost_inner_flame, serial_shops, shop
Vaults:1: gammafunk_ghost_split, nicolae_vaults_octagons,
          ontoclasm_vaults_fault, ontoclasm_vaults_loading_screen,
          nicolae_vaults_network_star, v_misc_16, grunt_vaults_hallway_long,
          nicolae_vaults_mini_display_case, hangedman_vaults_river_flow,
          v_misc_13, v_misc_32, layout_vaults_maze_bifur, serial_shops, shop
Vaults:2: v_misc_14, hangedman_vaults_locks, nicolae_vaults_circle_grid_b,
          minmay_crypt_entry_simple_sparse, nicolae_vaults_halls_meeting,
          v_rooms_1, grunt_vaults_hallway_long, v_pattern_1,
          hangedman_vaults_corner, nicolae_vaults_hallways_thing, v_misc_4,
          dpeg_vaults_monster_row, vaults_room_hallway,
          nicolae_vaults_little_squares_6, layout_vaults_omnibox, serial_shops,
          statue_bzr
Vaults:3: mu_enter_wizlab_6, ontoclasm_vaults_decontamination, v_misc_5,
          nicolae_vaults_little_squares_2, nicolae_vaults_arrows,
          vaults_dpeg_emergency_exit, layout_vaults_omnigrid
Vaults:4: nicolae_vaults_yaktaur_gun_rack, nicolae_vaults_network_barrier,
          vaults_mumra_lcd, vaults_room_grid, nicolae_vaults_little_squares_5,
          nicolae_vaults_windows_and_doors_thing, ontoclasm_vaults_tryst,
          vaults_room_corners, vaults_room_door_ring, v_misc_27, v_pattern_2,
          vaults_mumra_chevron, nicolae_vaults_angled_halls,
          ontoclasm_vaults_gateway, vaults_room_pool, layout_vaults_ring
Vaults:5
Crypt:1:  layout_misc_corridors
Crypt:2:  layout_catacombs, uniq_grunn
Crypt:3:  church_of_pain_bobbens, layout_chaotic_city,
          nicolae_tomb_entry_grand_gallery, st_stairs_3, grunt_megastairs_1
Tomb:1
Tomb:2
Tomb:3
Depths:1: grunt_deathspiral_large, layout_gridlike, hell_entry, abyss_entry,
          lemuel_crystal_altar, fountainhead, kennysheep_generic_room_9
Depths:2: hangedman_arch_fort, layout_small_grid, pan_entry, serial_shops, shop,
          abyss_entry, hell_entry, serial_bayou_shore_b, grunt_megastairs_3,
          minmay_shop_grove, infiniplex_staircase_diamond
Depths:3: minmay_polygon_palace, layout_gridlike, pan_entry, abyss_entry,
          grunt_metal_band, gammafunk_ghost_cemetery,
          minmay_misc_feat_more_columns, minmay_staircase_statues
Depths:4: evilmike_zot_entry_basic, layout_basic, enter_ziggurat_f,
          serial_bayou_pond_d, hellmouth_1, uniq_boris, uniq_xtahua
Zot:1:    layout_concentric_octagons
Zot:2:    layout_cathedral_of_symmetry, hangedman_zot_diagonal_lockstep,
          st_single_dragon_hoard_2, st_single_dragon_hoard_1
Zot:3:    nicolae_moth_party, layout_cathedral_of_symmetry,
          gammafunk_ghost_cemetery, st_stairs_5
Zot:4:    layout_gridlike, st_stairs_6, grunt_megastairs_2
Zot:5:    layout_twisted_circle

Skill      XL: |  1  2  3  4  5  6  7  8  9 10 11 12 13 14 15 16 17 18 19 20 21 22 23 24 25 26 27 |
---------------+----------------------------------------------------------------------------------+-----
Spellcasting   | 3 4 5 6 7 8 9 11 12 14 15 16 17 19 23 24 26 | 26.8
Conjurations   | 1 2 3 4 5 7 9 12 13 14 16 18 19 20 21 22 23 24 27 | 27.0
Earth Magic    | 4 5 6 7 9 14 15 16 17 18 19 20 21 22 23 26 27 | 27.0
Shields        | 2 5 7 12 14 15 | 15.0
Armour         | 4 5 8 13 14 15 | 15.0
Dodging        | 5 7 15 | 15.0
Fighting       | 5 8 10 11 15 | 15.0
Necromancy     | 1 |  1.5
Transmutations | 2 |  2.3
Translocations | 5 15 | 15.2
Stealth        | |  1.7

Action                     |  1- 3 |  4- 6 |  7- 9 | 10-12 | 13-15 | 16-18 | 19-21 | 22-24 | 25-27 || total
---------------------------+-------+-------+-------+-------+-------+-------+-------+-------+-------++-------
  Melee: Quarterstaff      |       |     4 |     2 |     5 |       |       |       |       |       ||    11
         Whip              |       |       |       |       |     1 |       |       |       |       ||     1
         Short sword       |       |       |       |       |       |     3 |       |       |       ||     3
         Spear             |       |       |       |       |       |     1 |       |       |       ||     1
   Cast: Sandblast         |    42 |   118 |    62 |    47 |     2 |     1 |       |       |       ||   272
         Stone Arrow       |       |    15 |   112 |   162 |   139 |    26 |       |       |       ||   454
         Lee's Rapid Decon |       |       |       |    97 |   311 |   161 |   187 |   217 |   286 ||  1259
         Petrify           |       |       |       |     3 |     5 |     1 |       |       |       ||     9
         Passwall          |       |       |       |     2 |       |       |     1 |       |     1 ||     4
         Iron Shot         |       |       |       |       |    77 |   398 |   157 |   145 |   384 ||  1161
         Iskenderun's Batt |       |       |       |       |     8 |     1 |       |       |       ||     9
         Shatter           |       |       |       |       |       |       |    69 |   101 |   380 ||   550
         Lehudib's Crystal |       |       |       |       |       |       |     1 |     9 |    82 ||    92
         Leda's Liquefacti |       |       |       |       |       |       |       |       |     2 ||     2
Ability: Hop               |       |       |       |     3 |     5 |    13 |     4 |     2 |     8 ||    35
  Evoke: Wand              |       |       |       |     5 |       |       |       |       |     3 ||     8
    Use: Potion            |       |     1 |       |     1 |     4 |     1 |     3 |     4 |    19 ||    33
         Scroll            |       |     4 |     1 |     5 |    12 |     7 |     3 |     1 |     2 ||    35
 Armour: Robe              |     2 |    16 |     7 |    14 |    17 |    13 |     3 |       |       ||    72
         Swamp dragon scal |       |       |       |     9 |    19 |    12 |       |       |       ||    40
         Scale mail        |       |       |       |       |       |       |       |    13 |    63 ||    76
         Pearl dragon scal |       |       |       |       |       |       |       |       |    36 ||    36
  Dodge: Dodged            |    11 |    40 |    30 |    59 |    42 |   104 |    45 |    11 |    98 ||   440
  Block: Buckler           |       |       |       |       |    19 |    42 |    12 |     1 |     1 ||    75
         Kite shield       |       |       |       |       |       |       |       |    22 |       ||    22
         Reflection        |       |       |       |       |       |       |       |    18 |     2 ||    20
         Orb               |       |       |       |       |       |       |       |     1 |    25 ||    26

Table legend: (Time is in decaauts)
 A = Elapsed time spent in this place.
 B = Non-inter-level travel time spent in this place.
 C = Inter-level travel time spent in this place.
 D = Time resting spent in this place.
 E = Time spent auto-exploring this place.
 F = Levels seen in this place.
 G = Mean time per level.
                   A        B        C        D        E       F      G
               +--------+--------+--------+--------+--------+-----+--------+
         Total |  99042 |  83209 |  15833 |  23254 |  41999 |  65 | 1523.7 |
       Dungeon |  21502 |  16123 |   5379 |   2210 |  10448 |  15 | 1433.5 |
        Temple |      1 |      0 |      1 |      0 |      0 |   1 |    1.0 |
          Lair |   8816 |   7228 |   1588 |   1815 |   3989 |   5 | 1763.2 |
         Swamp |   5396 |   4944 |    452 |   1754 |   2208 |   4 | 1349.0 |
     Snake Pit |   6732 |   5964 |    768 |   1796 |   2907 |   4 | 1683.0 |
    Slime Pits |   3521 |   3294 |    227 |   1372 |   1065 |   5 |  704.2 |
  Orcish Mines |   3320 |   2368 |    952 |    571 |    977 |   2 | 1660.0 |
   Elven Halls |   6675 |   6068 |    607 |   2064 |   2347 |   3 | 2225.0 |
        Vaults |  12605 |   9755 |   2850 |   2711 |   5311 |   5 | 2521.0 |
         Crypt |   5628 |   5190 |    438 |   1717 |   2780 |   3 | 1876.0 |
          Tomb |   2512 |   2324 |    188 |    428 |   1253 |   3 |  837.3 |
        Depths |   7097 |   5781 |   1316 |   1283 |   3559 |   4 | 1774.2 |
           Zot |   9933 |   8871 |   1062 |   3608 |   3848 |   5 | 1986.6 |
        Bazaar |    597 |    597 |      0 |    400 |     94 |   1 |  597.0 |
       Ossuary |    451 |    451 |      0 |     44 |    126 |   1 |  451.0 |
        Bailey |    892 |    892 |      0 |    240 |    254 |   1 |  892.0 |
      Ice Cave |   1103 |   1103 |      0 |    337 |    400 |   1 | 1103.0 |
        Wizlab |   1338 |   1338 |      0 |    645 |    264 |   1 | 1338.0 |
      Gauntlet |    912 |    912 |      0 |    254 |    162 |   1 |  912.0 |
               +--------+--------+--------+--------+--------+-----+--------+

Top non-repeatable levels by time:
Vaults:1: 3452 daAuts
   Zot:4: 3178 daAuts
 Crypt:3: 2942 daAuts
    D:10: 2915 daAuts
Vaults:3: 2540 daAuts
   Elf:2: 2532 daAuts
Vaults:2: 2459 daAuts
  Lair:3: 2366 daAuts
 Snake:4: 2197 daAuts
Vaults:4: 2148 daAuts
  Lair:1: 2113 daAuts
   Elf:3: 2094 daAuts
   Orc:2: 2092 daAuts
   Elf:1: 2049 daAuts
Vaults:5: 2003 daAuts
